 Dungeon Crawl Stone Soup version 0.28.0-49-g6dfe1f597d (webtiles) character file.

Game seed: 15937845294581973902

30642 klau3 the Tortoise (level 13, -1/119 HPs)
             Began as a Minotaur Berserker on May 18, 2022.
             Was an Elder of Trog.
             Slain by a vault guard
             ... wielding a +0 war axe
              (17 damage)
             ... on level 14 of the Dungeon.
             The game lasted 00:39:35 (16589 turns).

klau3 the Tortoise (Minotaur Berserker)            Turns: 16589, Time: 00:39:53

Health: -1/119     AC: 23    Str: 25    XL:     13   Next: 21%
Magic:  21/21      EV:  9    Int: 10    God:    Trog [****..]
Gold:   760        SH:  6    Dex: 12    Spells: 12/12 levels left

rFire   . . .      SeeInvis .   t - +7 mace of Inconvenience {vorpal, rC++ rCorr}
rCold   + + .      Faith    .   k - +0 buckler
rNeg    . . .      Spirit   .   s - +0 plate armour
rPois   .          Reflect  .   (helmet restricted)
rElec   .          Harm     .   A - +2 cloak
rCorr   +          Rampage  .   K - +1 pair of gloves
Will    .....                   (no boots)
Stlth   ..........              H - amulet of regeneration
HPRegen 1.09/turn               w - ring of magical power
MPRegen 0.17/turn               x - +6 ring of intelligence

@: about to teleport, on berserk cooldown, slowed, very slow
A: horns 2, retaliatory headbutt
a: Renounce Religion, Berserk, Trog's Hand, Brothers in Arms


You were on level 14 of the Dungeon.
You worshipped Trog.
Trog was greatly pleased with you.
You visited 1 branch of the dungeon, and saw 14 of its levels.

You collected 760 gold pieces.

Inventory:

Hand Weapons
 a - a +0 hand axe
 t - the +7 mace of Inconvenience (weapon) {vorpal, rC++ rCorr}
   (You found it on level 3 of the Dungeon)

   It inflicts extra damage upon your enemies.
   rC:        It greatly protects you from cold.
   rCorr:     It protects you from acid and corrosion.
 M - a +0 battleaxe
 O - a +0 broad axe
 P - a +0 great mace
 W - a +0 longbow
Missiles
 i - 579 arrows
 N - 2 boomerangs (quivered)
Armour
 b - a +0 animal skin
 g - a +0 ring mail
 k - a +0 buckler (worn)
 s - a +0 plate armour (worn)
 A - a +2 cloak (worn)
 I - a scarf of shadows
 K - a +1 pair of gloves (worn)
Jewellery
 w - a ring of magical power (left hand)
 x - a +6 ring of intelligence (right hand)
 C - a +6 ring of intelligence
 H - an amulet of regeneration (around neck)
 R - an amulet of faith
 S - a ring of protection from cold
 X - a +4 ring of evasion
Wands
 p - a wand of iceblast (16)
 y - a wand of mindburst (11)
 F - a wand of flame (9)
 L - a wand of acid (3)
 U - a wand of digging (14)
Scrolls
 d - 4 scrolls of enchant armour
 e - 2 scrolls of fog {unknown}
 f - 5 scrolls of noise {unknown}
 j - 3 scrolls of magic mapping
 m - 7 scrolls of identify
 n - 2 scrolls of immolation {unknown}
 o - 6 scrolls of teleportation
 r - a scroll of vulnerability {unknown}
 B - 3 scrolls of enchant weapon {unknown}
 D - 2 scrolls of fear {unknown}
 J - a scroll of blinking {unknown}
 Q - a scroll of holy word {unknown}
 T - a scroll of summoning {unknown}
Potions
 c - 4 potions of attraction {unknown}
 h - 2 potions of mutation {unknown}
 l - 4 potions of curing
 q - 2 potions of heal wounds {unknown}
 u - a potion of lignification {unknown}
 v - 2 potions of brilliance {unknown}
 z - a potion of invisibility {unknown}
 E - 2 potions of might {unknown}
 G - 2 potions of haste {unknown}
 V - a potion of degeneration {unknown}


   Skills:
 + Level 12.9 Fighting
 + Level 6.6(11.6) Axes
 + Level 14.8(15.3) Maces & Flails
 + Level 0.2 Throwing
 + Level 15.2 Armour
 + Level 4.3 Dodging
 + Level 2.1 Stealth
 + Level 8.7 Shields
 + Level 0.7 Evocations


You had 12 spell levels left.
You didn't know any spells.
Your spell library was empty.

Dungeon Overview and Level Annotations

Branches:
Dungeon (14/15)            Temple (0/1) D:7            Lair (0/6) D:9
    Orc (0/2) D:10         Vaults (0/5) D:14

Altars:
Ashenzari
Nemelex Xobeh
Okawaru
Qazlal
Trog
The Shining One
Beogh

Shops:
D:6 =

Annotations:
D:11 3 runed translucent doors


Innate Abilities, Weirdness & Mutations

You have a pair of horns on your head.
You reflexively headbutt those who attack you in melee.


Message History

The centaur warrior hits you but does no damage.
The centaur warrior barely misses you. The centaur warrior misses you.
You block the centaur warrior's attack.
You hit the centaur warrior.
The centaur warrior is moderately wounded.
The centaur warrior hits you! The centaur warrior closely misses you.
You sock the vault guard! Your headbutt misses the vault guard.
The vault guard is lightly wounded.
You block the centaur warrior's attack. The centaur warrior kicks you.
The centaur warrior hits you.
The centaur warrior kicks you but does no damage.
The vault guard hits you but does no damage. x2
You thump the vault guard!
The vault guard is lightly wounded.
The centaur warrior barely misses you. You furiously retaliate!
You headbutt the centaur warrior.
The centaur warrior kicks you but does no damage.
The vault guard hits you with a +0 dire flail!
* * * LOW HITPOINT WARNING * * *
The vault guard hits you but does no damage.
The centaur warrior hits you but does no damage.
The centaur warrior kicks you but does no damage.
As you read the scroll of teleportation, it crumbles to dust.
You feel strangely unstable. The centaur warrior barely misses you.
You furiously retaliate!
You headbutt the centaur warrior, but do no damage.
The centaur warrior kicks you but does no damage.
The vault guard hits you but does no damage.
The vault guard hits you with a +0 war axe!
* * * LOW HITPOINT WARNING * * *
The centaur warrior hits you but does no damage.
The centaur warrior kicks you but does no damage.
You closely miss the vault guard.
The vault guard is lightly wounded.
The vault guard hits you with a +0 dire flail!
* * * LOW HITPOINT WARNING * * *
The centaur warrior hits you but does no damage.
The centaur warrior barely misses you.
The vault guard hits you with a +0 war axe!
You die...

∩. .. .# .. p# ####'####
p# #.......# .# #.......#
#####)####.# #.......#
#.@c))[....# #.......#
#.pp......##
#.......####.........# ♣♣
#.......'.##.........#
≈♣♣#.......#..#.........#
≈≈♣♣......)##.'.........#
.≈≈♣.......####.........#
...'.......# #.........#
.≈≈♣.......# #.........#


You could see 2 vault guards and a centaur warrior.

Vanquished Creatures
  Jorgrun (D:13)
  Azrael (D:13)
  Snorg (D:12)
  3 vault guards (D:14)
  A hydra (D:11)
  A death knight (D:11)
  A boulder beetle (D:13)
  4 centaur warriors
  5 two-headed ogres
  A deep elf pyromancer (D:14)
  A wizard (D:14)
  Pikel (D:6)
  A harpy (D:14)
  2 cyclopes
  5 manticores
  Maurice (D:7)
  Joseph (D:8)
  Psyche (D:10)
  3 kobold demonologists
  2 trolls (D:11)
  Prince Ribbit (D:8)
  A jumping spider (D:13)
  Sigmund (D:3)
  3 shadows
  20 yaks
  2 wraiths
  3 water elementals (D:14)
  2 fire elementals (D:13)
  A vampire (D:5)
  A basilisk (D:14)
  2 wyverns (D:9)
  A steam dragon (D:9)
  5 vampire mosquitoes
  A redback (D:13)
  An acid dragon (D:11)
  3 water moccasins
  Duvessa (D:7)
  3 hell hounds (D:13)
  2 ice beasts (D:5)
  A sky beast (D:6)
  12 orc warriors
  2 necrophages
  A boggart (D:14)
  6 ogres
  A lemure (D:6)
  15 centaurs
  A wyvern zombie (D:8)
  A kobold brigand (D:8)
  A bullfrog (D:7)
  A scorpion (D:5)
  Dowan (D:7)
  12 killer bees
  5 howler monkeys
  2 centaur zombies (D:5)
  2 jellies
  9 orc priests
  Crazy Yiuf (D:3)
  3 gnoll shamans
  3 hounds
  3 bullfrog skeletons
  3 iguanas
  6 orc wizards
  2 howler monkey zombies
  18 gnolls
  4 adders
  A shadow imp (D:5)
  A white imp (D:8)
  An ufetubus (D:4)
  2 dart slugs
  41 orcs
  9 endoplasms
  6 giant cockroaches
  8 goblins
  8 hobgoblins
  6 jackals
  6 quokkas
  12 ball pythons
  2 bats (D:2)
  4 frilled lizards
  9 kobolds
  8 rats
331 creatures vanquished.

Notes
Turn   | Place    | Note
-------+----------+-------------------------------------------
     0 | D:1      | klau3 the Minotaur Berserker began the quest for the Orb.
     0 | D:1      | Reached XP level 1. HP: 19/19 MP: 0/0
    54 | D:1      | Reached XP level 2. HP: 18/27 MP: 1/1
   437 | D:1      | Found a faded altar of an unknown god.
   789 | D:1      | Reached XP level 3. HP: 31/33 MP: 2/2
   839 | D:1      | Reached ** piety under Trog
  1319 | D:2      | Reached XP level 4. HP: 41/41 MP: 3/3
  1325 | D:2      | Reached skill level 3 in Armour
  1874 | D:3      | Found a broken altar of Ashenzari.
  1883 | D:3      | Reached skill level 5 in Axes
  2340 | D:3      | Noticed Sigmund
  2349 | D:3      | Killed Sigmund
  2350 | D:3      | Reached skill level 4 in Armour
  2350 | D:3      | Reached XP level 5. HP: 47/47 MP: 4/4
  2350 | D:3      | Reached XP level 6. HP: 55/55 MP: 5/5
  2486 | D:3      | Found a runed translucent door.
  2487 | D:3      | Noticed Crazy Yiuf
  2497 | D:3      | Killed Crazy Yiuf
  2500 | D:3      | Identified the +7 mace of Inconvenience {vorpal, rC++
                  | rCorr}
  3096 | D:4      | Noticed a water moccasin
  3117 | D:4      | Killed a water moccasin
  3118 | D:4      | Reached skill level 5 in Fighting
  3445 | D:4      | Reached skill level 1 in Maces & Flails
  3445 | D:4      | Reached skill level 1 in Stealth
  3521 | D:4      | Reached skill level 5 in Armour
  3521 | D:4      | Reached XP level 7. HP: 61/61 MP: 6/6
  4091 | D:5      | Entered Level 5 of the Dungeon
  4450 | D:5      | Reached skill level 6 in Armour
  4450 | D:5      | Reached skill level 1 in Shields
  4585 | D:5      | Reached XP level 8. HP: 70/70 MP: 7/7
  4725 | D:5      | Reached skill level 7 in Armour
  4837 | D:5      | Reached skill level 5 in Maces & Flails
  4843 | D:5      | Reached *** piety under Trog
  6116 | D:6      | Reached skill level 8 in Armour
  6985 | D:6      | Reached XP level 9. HP: 78/78 MP: 8/8
  6999 | D:6      | Found Fygal's Jewellery Boutique.
  7411 | D:7      | Noticed Pikel
  7439 | D:6      | Reached skill level 9 in Armour
  7743 | D:6      | Killed Pikel
  7869 | D:6      | Reached skill level 10 in Armour
  7934 | D:7      | Noticed Duvessa
  8063 | D:7      | Noticed Dowan
  8065 | D:7      | Killed Duvessa
  8069 | D:7      | Killed Dowan
  8230 | D:7      | Found a staircase to the Ecumenical Temple.
  8811 | D:7      | Found an iron altar of Okawaru.
  8896 | D:7      | Found a glowing golden altar of the Shining One.
  8966 | D:8      | Noticed Prince Ribbit
  8971 | D:8      | Killed Prince Ribbit
  9008 | D:8      | Noticed Maurice
  9055 | D:7      | Killed Maurice
  9056 | D:7      | Reached skill level 11 in Armour
  9056 | D:7      | Reached XP level 10. HP: 86/86 MP: 9/9
  9529 | D:8      | Found a sparkling altar of Nemelex Xobeh.
  9669 | D:8      | Noticed Joseph
  9685 | D:8      | Killed Joseph
  9918 | D:9      | Reached skill level 10 in Maces & Flails
 10132 | D:9      | Found a stormy altar of Qazlal.
 10232 | D:9      | Found a bloodstained altar of Trog.
 10666 | D:9      | Found a staircase to the Lair.
 10968 | D:10     | Entered Level 10 of the Dungeon
 10970 | D:10     | Noticed a two-headed ogre
 10974 | D:10     | Killed a two-headed ogre
 11115 | D:10     | Reached skill level 12 in Armour
 11128 | D:10     | Noticed Psyche
 11138 | D:10     | Killed Psyche
 11234 | D:10     | Reached XP level 11. HP: 97/97 MP: 10/10
 11238 | D:10     | Reached **** piety under Trog
 11384 | D:10     | Noticed a two-headed ogre
 11400 | D:10     | Killed a two-headed ogre
 11477 | D:10     | Found a staircase to the Orcish Mines.
 11815 | D:11     | Reached skill level 10 in Fighting
 11815 | D:11     | Reached skill level 5 in Shields
 11827 | D:11     | Noticed a death knight
 11837 | D:11     | Killed a death knight
 11998 | D:11     | Noticed a two-headed ogre
 12008 | D:11     | Killed a two-headed ogre
 12009 | D:11     | Reached skill level 13 in Armour
 12155 | D:11     | Found a runed translucent gate.
 12156 | D:11     | Found a runed translucent gate.
 12156 | D:11     | Found a runed translucent gate.
 12157 | D:11     | Noticed a purple ugly thing
 12157 | D:11     | Noticed a purple ugly thing
 12157 | D:11     | Noticed an anaconda
 12158 | D:11     | Noticed a glowing orange brain
 12159 | D:11     | Noticed a green ugly thing
 12161 | D:11     | Noticed a brown ugly thing
 12461 | D:11     | Noticed a two-headed ogre
 12461 | D:11     | Noticed a seven-headed hydra
 12467 | D:11     | Killed a two-headed ogre
 12480 | D:11     | Killed a seven-headed hydra
 12546 | D:11     | Noticed a glowing orange brain
 12546 | D:11     | an eye of devastation changed into a glowing orange brain
 12594 | D:11     | Noticed a mana viper
 12598 | D:11     | Noticed a sea snake
 12598 | D:11     | a mana viper changed into a sea snake
 12602 | D:11     | a sea snake changed into a torpor snail
 13189 | D:12     | Reached XP level 12. HP: 109/110 MP: 11/11
 13799 | D:12     | Noticed Snorg
 13806 | D:12     | Killed Snorg
 14535 | D:12     | Reached skill level 14 in Armour
 14626 | D:13     | Found a glowing golden altar of the Shining One.
 14734 | D:13     | Noticed Jorgrun
 14746 | D:13     | Killed Jorgrun
 14970 | D:13     | Noticed a centaur warrior
 14978 | D:13     | Killed a centaur warrior
 15126 | D:13     | Noticed a boulder beetle
 15126 | D:13     | Noticed a centaur warrior
 15136 | D:13     | Killed a centaur warrior
 15145 | D:13     | Killed a boulder beetle
 15210 | D:13     | Noticed a two-headed ogre
 15219 | D:13     | Killed a two-headed ogre
 15409 | D:13     | Noticed Azrael
 15430 | D:13     | Killed Azrael
 15925 | D:14     | Noticed a centaur warrior
 15942 | D:14     | Killed a centaur warrior
 16219 | D:14     | Noticed a centaur warrior
 16230 | D:14     | Killed a centaur warrior
 16231 | D:14     | Reached XP level 13. HP: 118/119 MP: 12/12
 16382 | D:14     | Reached skill level 15 in Armour
 16557 | D:14     | Found a gate to the Vaults.
 16589 | D:14     | Slain by a vault guard

Illustrated notes

Levels and vault maps discovered:
D:1:      amcnicky_arrival_abandoned_market, layout_basic,
          ebering_ecumenical_altar_rust, minmay_tetromino_l4
D:2:      layout_rooms, minmay_misc_feat_nine_boxes, hex_medium
D:3:      layout_loops_corners, mainiacjoe_overflow_small_starburst,
          st_stairs_7, uniq_sigmund, uniq_crazy_yiuf_cottage
D:4:      layout_rooms
D:5:      layout_gridville, chequers_serial_rivers_room_b
D:6:      layout_basic, nicolae_inconvenience_store, nrook_mini_backslash
D:7:      layout_cave_pools, amcnicky_altar_gilded, lemuel_crystal_altar,
          minmay_temple_entry_mini_moons, uniq_duvessa, uniq_pikel
D:8:      layout_rooms, nicolae_overflow_crystal_walls,
          chequers_serial_rivers_marsh, uniq_joseph, uniq_prince_ribbit1,
          uniq_maurice
D:9:      layout_loops_ring, old_standard_altar, lightli_temple_of_fire,
          dpeg_oklobed_lair, feat_on_display
D:10:     layout_rooms, david_orc_2, uniq_psyche
D:11:     layout_irregular_city, ploomutoo_gammafunk_ghost_potion_laboratory
D:12:     layout_layer_cave, minmay_misc_feat_room, corexii_corridor_pit,
          uniq_snorg
D:13:     layout_roguey [special_room_orc], serial_corexii_hall,
          corexii_hall_statues_x, corexii_hall_statues_l,
          corexii_hall_statues_l, chequers_hall_statues_y,
          nicolae_tso_carved_into_rock, uniq_azrael, uniq_jorgrun
D:14:     layout_roguey, erik_vaults_2, kennysheep_cross_landing,
          eino_tiny_chamber

Skill      XL: |  1  2  3  4  5  6  7  8  9 10 11 12 13 |
---------------+----------------------------------------+-----
Axes           | 4 6 |  6.6
Fighting       | 4 5 6 7 9 11 12 | 12.9
Armour         | 4 5 6 8 11 12 13 14 15 | 15.2
Dodging        | 3 4 |  4.3
Maces & Flails | 2 4 7 9 11 13 14 | 14.8
Stealth        | 1 2 |  2.1
Shields        | 1 2 3 4 6 8 |  8.7
Throwing       | |  0.2
Evocations     | |  0.7

Action                   |  1- 3 |  4- 6 |  7- 9 | 10-12 | 13-15 || total
-------------------------+-------+-------+-------+-------+-------++-------
Melee: Hand axe          |    60 |    38 |       |       |       ||    98
       Headbutt          |     8 |     7 |    28 |   105 |    14 ||   162
       Mace              |       |    34 |   190 |   495 |    60 ||   779
Throw: Throwing net      |       |       |       |     1 |       ||     1
       Boomerang         |       |       |       |     2 |       ||     2
Invok: Berserk           |     3 |     2 |    13 |    26 |     3 ||    47
       Trog's Hand       |       |       |     2 |    10 |       ||    12
Evoke: Wand              |       |       |       |     7 |       ||     7
  Use: Scroll            |       |       |       |     3 |     1 ||     4
 Stab: Sleeping          |     1 |       |       |       |       ||     1
Armor: Animal skin       |     9 |       |       |       |       ||     9
       Ring mail         |     9 |     6 |       |       |       ||    15
       Plate armour      |       |    28 |   158 |   398 |    44 ||   628
Dodge: Dodged            |    42 |    33 |   104 |   248 |    14 ||   441
Block: Buckler           |       |     3 |    50 |   162 |    16 ||   231
